 Dungeon Crawl Stone Soup version 0.25-a0-496-g8c4878dea3 (webtiles) character file.

Game seed: 11680810871997931710, levelgen mode: deterministic

2853 florian the Cleaver (level 9, -1/81 HPs)
             Began as a Minotaur Berserker on Feb 12, 2020.
             Was an Elder of Trog.
             Slain by a crimson imp (2 damage)
             ... on level 8 of the Dungeon.
             The game lasted 00:20:50 (6106 turns).

florian the Cleaver (Minotaur Berserker)            Turns: 6106, Time: 00:20:50

Health: -1/81      AC: 10    Str: 26    XL:     9   Next: 46%
Magic:  8/8        EV: 12    Int:  4    God:    Trog [****..]
Gold:   347        SH:  0    Dex:  9    Spells: 8/8 levels left

rFire    . . .     SeeInvis .   z - +0 war axe
rCold    . . .     Gourm    .   (no shield)
rNeg     + . .     Faith    .   H - +1 ring mail {MR+}
rPois    +         Spirit   .   (helmet restricted)
rElec    .         Reflect  .   (no cloak)
rCorr    .         Harm     .   h - +0 pair of gloves (curse)
MR       +....                  y - +0 pair of boots
Stlth    +.........             (no amulet)
HPRegen  0.23/turn              F - ring of positive energy
MPRegen  0.11/turn              s - ring of poison resistance

@: no status effects
A: retaliatory headbutt, horns 2
a: Berserk, Trog's Hand, Brothers in Arms, Renounce Religion


You were on level 8 of the Dungeon.
You worshipped Trog.
Trog was greatly pleased with you.
You were not hungry.

You visited 1 branch of the dungeon, and saw 8 of its levels.

You collected 347 gold pieces.

Inventory:

Hand Weapons
 a - a +0 hand axe
 o - a cursed -2 spear
 z - a +0 war axe (weapon)
 B - a cursed +0 flail
Missiles
 b - 7 javelins (quivered)
Armour
 d - a +0 plate armour
 h - a cursed +0 pair of gloves (worn)
 k - a +0 scale mail
 w - a +0 helmet
 y - a +0 pair of boots (worn)
 H - a +1 ring mail of magic resistance (worn)
Jewellery
 p - an uncursed ring of flight
 s - a ring of poison resistance (right hand)
 F - a ring of positive energy (left hand)
Wands
 D - a wand of iceblast (6)
Scrolls
 e - 3 scrolls of remove curse {unknown}
 l - 10 scrolls of identify {unknown}
 m - a scroll of amnesia {unknown}
 r - 2 scrolls of fear {unknown}
 t - a scroll of enchant weapon {unknown}
 v - 3 scrolls of teleportation {unknown}
 A - 3 scrolls of noise {unknown}
 E - 2 scrolls of holy word {unknown}
 G - a scroll of torment {unknown}
 K - a scroll of enchant armour {unknown}
Potions
 f - 3 potions of heal wounds
 g - a potion of might {unknown}
 i - 2 potions of berserk rage {unknown}
 j - 2 potions of agility
 n - 3 potions of curing {unknown}
 q - a potion of magic {unknown}
 u - 2 potions of brilliance {unknown}
 x - a potion of degeneration {unknown}
 C - 2 potions of haste {unknown}
 J - 2 potions of invisibility
Comestibles
 c - 16 rations
 I - 3 chunks of flesh


   Skills:
 + Level 8.1 Fighting
 + Level 10.5 Axes
 + Level 0.3 Throwing
 + Level 8.9 Armour
 + Level 3.5 Dodging
 + Level 1.8 Stealth
 + Level 1.5 Unarmed Combat


You had 8 spell levels left.
You didn't know any spells.
Your spell library was empty.

Dungeon Overview and Level Annotations

Branches:
Dungeon (8/15)             Temple (0/1) D:5            Lair (0/6) D:8

Altars:
Ashenzari
Cheibriados
Elyvilon
Gozag
Makhleb
Qazlal
Ru
Sif Muna
Trog
Uskayaw
Vehumet
Wu Jian
The Shining One

Shops:
D:4 %

Annotations:
D:8 Grum


Innate Abilities, Weirdness & Mutations

You reflexively headbutt those who attack you in melee.
You have a pair of horns on your head.


Message History

* * * LOW HITPOINT WARNING * * *
Grum completely misses you.
You see here a wolf corpse.
Grum hits you but does no damage.
Grum hits you from afar with a +1 spear.
* * * LOW HITPOINT WARNING * * *
A crimson imp comes into view.
The crimson imp shouts!
The crimson imp blinks!
The crimson imp hits you but does no damage.
There is an open door here.
The crimson imp hits you.
* * * LOW HITPOINT WARNING * * *
Grum hits you from afar with a +1 spear.
* * * LOW HITPOINT WARNING * * *
You hit the crimson imp but do no damage.
You headbutt the crimson imp!
The crimson imp is almost dead.
The crimson imp hits you.
You die...

....# ###....###### .
#............##############..
#...........<................
+...........)................
#............................
#................g..†........
†..#############'###.......##
†..'........#...@5.#.......#
...#........'......#.......#
...#........#......#.......#
...##..###+###.....#.......#
######## #.....#.........
#.....#......... #.....#
#....... #.......


You could see Grum and a crimson imp.

Vanquished Creatures
  Joseph (D:7)
  A spriggan (D:7)
  Eustachio (D:5)
  A hungry ghost (D:7)
  A water moccasin (D:6)
  An ice beast (D:2)
  3 ogres
  A phantom (D:4)
  A necrophage (D:7)
  4 wolves (D:8)
  2 bullfrogs
  A gnoll sergeant (D:8)
  4 killer bees (D:8)
  A howler monkey (D:4)
  5 crimson imps
  An orc priest (D:3)
  A bullfrog skeleton (D:7)
  2 hounds
  A jelly (D:6)
  3 iguanas
  Natasha (twice) (D:2)
  4 worker ants
  A hound skeleton (D:6)
  A worker ant zombie (D:6)
  A howler monkey skeleton (D:7)
  4 gnolls (D:8)
  7 adders
  An adder zombie (D:5)
  5 worms
  4 leopard geckos
  11 orcs
  2 bats
  3 giant cockroaches (D:3)
  4 goblins
  6 hobgoblins
  17 jackals
  A quokka (D:7)
  5 ball pythons
  5 frilled lizards
  4 kobolds
  8 rats (D:1)
132 creatures vanquished.

Notes
Turn   | Place    | Note
-------+----------+-------------------------------------------
     0 | D:1      | florian the Minotaur Berserker began the quest for the Orb.
     0 | D:1      | Reached XP level 1. HP: 19/19 MP: 0/0
   357 | D:1      | Reached XP level 2. HP: 27/27 MP: 1/1
   809 | D:1      | Reached skill level 4 in Axes
   921 | D:1      | Reached ** piety under Trog
  1081 | D:2      | Noticed an ice beast
  1095 | D:2      | Reached XP level 3. HP: 28/33 MP: 2/2
  1097 | D:2      | Killed an ice beast
  1097 | D:2      | Reached skill level 5 in Axes
  1097 | D:2      | Reached XP level 4. HP: 23/41 MP: 3/3
  1357 | D:2      | Found a burning altar of Makhleb.
  1494 | D:2      | Found a radiant altar of Vehumet.
  1512 | D:2      | Noticed Natasha
  1516 | D:2      | Killed Natasha
  1516 | D:2      | Reached skill level 5 in Fighting
  1516 | D:2      | Reached XP level 5. HP: 48/48 MP: 4/4
  1599 | D:2      | Noticed Natasha
  1606 | D:2      | Killed Natasha
  1774 | D:2      | Found a snail-covered altar of Cheibriados.
  1928 | D:3      | Found a shattered altar of Ashenzari.
  2078 | D:3      | Reached skill level 6 in Axes
  2084 | D:3      | Reached *** piety under Trog
  2103 | D:3      | Found a white marble altar of Elyvilon.
  2191 | D:3      | Reached XP level 6. HP: 56/56 MP: 5/5
  2325 | D:3      | Found a glowing golden altar of the Shining One.
  3009 | D:4      | Found a bloodstained altar of Trog.
  3231 | D:4      | Found Lotaok's Food Shop.
  3417 | D:4      | Reached skill level 5 in Armour
  3569 | D:4      | Reached skill level 1 in Unarmed Combat
  3569 | D:4      | Reached XP level 7. HP: 60/62 MP: 6/6
  3626 | D:5      | Entered Level 5 of the Dungeon
  3633 | D:5      | Noticed Eustachio
  3651 | D:5      | Killed Eustachio
  3651 | D:5      | Reached skill level 7 in Axes
  3876 | D:5      | Found an ornate altar of the Wu Jian Council.
  3879 | D:5      | Found a shimmering blue altar of Sif Muna.
  3899 | D:5      | Found an opulent altar of Gozag.
  3904 | D:5      | Found a stormy altar of Qazlal.
  3909 | D:5      | Found a sacrificial altar of Ru.
  4064 | D:5      | Found a staircase to the Ecumenical Temple.
  4480 | D:6      | Reached skill level 1 in Stealth
  4480 | D:6      | Reached XP level 8. HP: 60/71 MP: 7/7
  4599 | D:6      | Reached skill level 8 in Axes
  5383 | D:7      | Reached skill level 9 in Axes
  5460 | D:7      | Found a hide-covered altar of Uskayaw.
  5535 | D:7      | Noticed Joseph
  5555 | D:7      | Killed Joseph
  5555 | D:7      | Reached XP level 9. HP: 50/79 MP: 8/8
  5879 | D:8      | Reached **** piety under Trog
  5922 | D:8      | Found a staircase to the Lair.
  6044 | D:8      | Reached skill level 10 in Axes
  6087 | D:8      | Noticed Grum
  6105 | D:8      | HP: 1/81 [Grum/+1 spear (6)]
  6106 | D:8      | Slain by a crimson imp

Levels and vault maps discovered:
D:1:      lemuel_arrival_muddy, layout_loops_corners
D:2:      layout_rooms, nicolae_overflow_hidden_temple, uniq_natasha
D:3:      layout_loops_ring, nicolae_ashenzari_panopticon, lemuel_doored_altar,
          grunt_decor_mini_mirrors, tso_metal_star
D:4:      layout_gridville, old_standard_altar, serial_shops, shop,
          minmay_strange_pillars
D:5:      layout_rooms, grunt_temple_overflow_open, minmay_temple_entry_trees,
          first_ration, chequers_serial_rivers_room_b, uniq_eustachio
D:6:      layout_gridville
D:7:      layout_rooms, lemuel_coloured_pillars_altar, the_bakery, uniq_joseph
D:8:      layout_gridville, marbit_many_paths, lair_entry_dummy, serial_shops,
          nicolae_shop_behind_doors, uniq_maurice, uniq_erica, uniq_grum

Skill      XL: |  1  2  3  4  5  6  7  8  9 |
---------------+----------------------------+-----
Fighting       | 4 5 6 7 8 |  8.1
Axes           | 4 5 6 7 9 10 | 10.5
Armour         | 3 5 6 8 |  8.9
Unarmed Combat | 1 |  1.5
Stealth        | 1 |  1.8
Dodging        | 3 |  3.5
Throwing       | |  0.3

Action                   |  1- 3 |  4- 6 |  7- 9 || total
-------------------------+-------+-------+-------++-------
Melee: Hand axe          |    52 |   114 |    72 ||   238
       Headbutt          |     5 |    35 |    47 ||    87
       Unarmed           |       |    16 |       ||    16
       War axe           |       |       |   112 ||   112
Throw: Javelin           |     2 |     1 |       ||     3
Invok: Berserk           |     1 |       |     1 ||     2
  Use: Scroll            |       |     3 |       ||     3
       Potion            |       |     3 |       ||     3
 Stab: Invisible         |       |     1 |       ||     1
  Eat: Chunk             |       |     9 |    11 ||    20
Armor: Plate armour      |    40 |    70 |    94 ||   204
       Ring mail         |       |       |    23 ||    23
Dodge: Dodged            |    24 |    60 |   122 ||   206

Table legend:
 A = Non-vault XP
 B = Vault XP
 C = Vault XP percentage of total XP
 D = Non-vault monster count
 E = Vault monster count
 F = Vault count percentage of total count
                 A         B        C        D         E       F
            +---------+---------+-------+---------+---------+-------
      Total |    2735 |    1341 |  32.9 |     124 |       8 |   6.1
            +---------+---------+-------+---------+---------+-------
        D:1 |      30 |       0 |   0.0 |      21 |       0 |   0.0
        D:2 |     227 |      35 |  13.4 |      16 |       1 |   5.9
        D:3 |     110 |       0 |   0.0 |      23 |       0 |   0.0
        D:4 |     437 |       0 |   0.0 |      11 |       0 |   0.0
        D:5 |     214 |     208 |  49.3 |      15 |       1 |   6.2
        D:6 |     646 |       0 |   0.0 |      15 |       0 |   0.0
        D:7 |     633 |     634 |  50.0 |      12 |       2 |  14.3
        D:8 |     438 |     464 |  51.4 |      11 |       4 |  26.7
            +---------+---------+-------+---------+---------+-------
